 Dungeon Crawl Stone Soup version 0.31-a0-675-g238779eb0a (webtiles) character file.

Game seed: 4942310509109837248

242 qw the Shooter (level 6, 0/38 HPs)
             Began as a Gargoyle Hunter on Sept 5, 2023.
             Slain by an ogre
             ... wielding a +0 giant spiked club
              (12 damage)
             ... on level 4 of the Dungeon.
             The game lasted 00:00:52 (2607 turns).

qw the Shooter (Gargoyle Hunter)                    Turns: 2607, Time: 00:00:52

Health: 0/38       AC: 12    Str: 15    XL:     6   Next: 9%
Magic:  6/6        EV: 11    Int:  9    God:
Gold:   133        SH:  0    Dex: 15    Spells: 5/5 levels left

rFire   . . .        Y - +1 shortbow
rCold   . . .        (shield currently unavailable)
rNeg    + . .        a - +0 ring mail
rPois   inf          g - +2 helmet
rElec   +            (no cloak)
rCorr   .            (no gloves)
SInv    .            (no boots)
Will    .....        (no amulet)
Stlth   +            (no ring)
HPRegen 0.26/turn    (no ring)
MPRegen 0.10/turn

%: no passive effects
@: no status effects
A: sickness immunity, AC +4, negative energy resistance 1, electricity
resistance, torment resistance 1, petrification resistance
a: no special abilities


You were on level 4 of the Dungeon.
You visited 1 branch of the dungeon, and saw 4 of its levels.

You collected 215 gold pieces.
You spent 82 gold pieces at shops.


Innate Abilities, Weirdness & Mutations

You are immune to sickness and miasma.
Your stone body is resilient. (AC +4)
You are immune to poison.
You resist negative energy. (rN+)
You are resistant to electric shocks. (rElec)
You are resistant to unholy torment.
You are immune to petrification.


   Skills:
 - Level 4.2 Fighting
 + Level 6.1 Ranged Weapons
 - Level 1.0 Armour
 - Level 1.5 Dodging
 - Level 1.1 Stealth


You had 5 spell levels left.
You didn't know any spells.
Your spell library was empty.

Inventory:

Hand Weapons
 Y - a +1 shortbow (weapon)
Armour
 a - a +0 ring mail (worn)
 g - a +2 helmet (worn)
Scrolls
 e - 2 scrolls of enchant armour
Potions
 b - a potion of degeneration {unknown}
 d - 3 potions of curing
 f - a potion of haste
 h - a potion of resistance {unknown}
 k - a potion of magic {unknown}

Dungeon Overview and Level Annotations

Branches:
Dungeon (4/15)
 Temple: D:4-7

Altars:
Makhleb

Shops:
D:2 *

Annotations:
D:4 3 runed translucent doors


Message History

Found a stone staircase leading down.
There is a stone staircase leading up here.
There is a stone staircase leading down here.
Found a scroll of noise.
You see here a scroll of noise.
A kobold comes into view.
It is wielding a +0 short sword and quivering poisoned darts.
The kobold shouts!
The kobold throws a poisoned dart.
The poisoned dart hits you!
You shoot an arrow. The arrow hits the kobold.
The kobold is severely wounded.
You shoot an arrow. The arrow hits the kobold.
You kill the kobold!
Found a stone staircase leading up.
Enter note:
Things that are here:
a +0 short sword; 8 poisoned darts
There is a stone staircase leading up here.
You now have 133 gold pieces (gained 11).
An ogre comes into view. It is wielding a +0 giant spiked club.
The ogre shouts!
You shoot an arrow. The arrow hits the ogre.
The ogre is lightly wounded.
You shoot an arrow. The arrow hits the ogre!
The ogre is moderately wounded.
You shoot an arrow. The arrow hits the ogre.
The ogre is heavily wounded.
You shoot an arrow.
The arrow hits the ogre but does no damage.
The ogre is heavily wounded.
You shoot an arrow. The arrow hits the ogre.
The ogre is heavily wounded.
The ogre hits you with a +0 giant spiked club!!
Ouch! That really hurt!
You shoot an arrow. The arrow hits the ogre.
The ogre is severely wounded.
The ogre barely misses you.
You shoot an arrow. The arrow hits the ogre.
The ogre is almost dead.
The ogre hits you with a +0 giant spiked club!
You die...

#.######
#.##...#
#.##...#
#.##...####
#.........#
#.........#
#.........#
####...####
#.@.# #.O.#
##.## #.#
#.# #.# #.#
#.#


You could see an ogre.

Vanquished Creatures
  A phantom (D:4)
  An orc priest (D:3)
  2 orc wizards (D:3)
  A gnoll (D:1)
  An adder (D:2)
  A worm (D:2)
  8 orcs
  4 ball pythons
  4 endoplasms
  3 giant cockroaches
  6 goblins
  8 hobgoblins
  2 jackals (D:1)
  2 quokkas (D:3)
  4 bats
  2 frilled lizards
  8 kobolds
  3 rats
61 creatures vanquished.

Notes
Turn   | Place    | Note
-------+----------+-------------------------------------------
     0 | D:1      | qw the Gargoyle Hunter began the quest for the Orb.
     0 | D:1      | Reached XP level 1. HP: 12/12 MP: 1/1
     0 | D:1      | 0 ||| qw: Version: 0.3-a-75-g829b12e
     0 | D:1      | 0 ||| qw: Game counter: 52
     0 | D:1      | 0 ||| qw: Melee chars always use a shield: true
     0 | D:1      | 0 ||| qw: God list: Okawaru
     0 | D:1      | 0 ||| qw: Allow faded altars: false
     0 | D:1      | 0 ||| qw: Do Orc after clearing Dungeon:15 true
     0 | D:1      | 0 ||| qw: Do second Lair branch before Depths: true
     0 | D:1      | 0 ||| qw: Lair rune preference: random
     0 | D:1      | 0 ||| qw: Goals: Normal
     0 | D:1      | 0 ||| PLANNING D:1-11
     9 | D:1      | HP: 3/12 [gnoll/+0 flail (9)]
    11 | D:1      | Reached XP level 2. HP: 5/17 MP: 2/2
   508 | D:1      | 508 ||| UPGRADING to +2 helmet.
   513 | D:1      | 513 ||| READING scroll labelled COT XOMOXAYPA.
   514 | D:1      | 514 ||| READING scroll labelled NEYNAU CIFYMAO.
   515 | D:1      | 515 ||| READING scroll labelled CODDOILIEW.
   516 | D:1      | 516 ||| DRINKING 3 blue potions.
   517 | D:1      | 517 ||| DRINKING 2 dark potions.
   518 | D:1      | 518 ||| DROPPING scroll of butterflies.
   570 | D:2      | Reached XP level 3. HP: 21/21 MP: 3/3
   593 | D:2      | Reached skill level 5 in Ranged Weapons
   783 | D:2      | Found Xiojogiygh's General Store.
   789 | D:2      | 789 ||| BUYING scroll of enchant armour (82 gold).
   789 | D:2      | Bought a scroll of enchant armour for 82 gold pieces
   789 | D:2      | 789 ||| SHOPLISTING scroll of identify (22 gold, have 6).
  1024 | D:2      | Reached skill level 3 in Fighting
  1033 | D:2      | Reached XP level 4. HP: 28/28 MP: 4/4
  1262 | D:2      | 1262 ||| UPGRADING to +0 ring mail.
  1272 | D:2      | 1272 ||| DROPPING +0 leather armour.
  1273 | D:2      | 1273 ||| READING scroll labelled BELLUM VIATHUDI.
  1278 | D:2      | 1278 ||| READING scroll labelled ECANLUDIVUJ.
  1279 | D:2      | 1279 ||| READING scroll labelled KUOSTOICZA.
  1280 | D:2      | 1280 ||| READING scroll labelled UPNAINI BUFA.
  1281 | D:2      | 1281 ||| READING scroll labelled WICUHIAHAI.
  1568 | D:3      | Reached skill level 1 in Armour
  1571 | D:3      | 1571 ||| DRINKING 4 potions of curing.
  1571 | D:3      | 1571 ||| (to cure confusion)
  1696 | D:3      | Found a faded altar of an unknown god.
  1914 | D:3      | Found a burning altar of Makhleb.
  1996 | D:3      | Reached XP level 5. HP: 17/32 MP: 5/5
  2007 | D:3      | Reached skill level 6 in Ranged Weapons
  2391 | D:4      | Found a runed translucent gate.
  2391 | D:4      | Found a runed translucent gate.
  2391 | D:4      | Found a runed translucent gate.
  2407 | D:4      | Noticed a phantom
  2419 | D:4      | Killed a phantom
  2420 | D:4      | Reached XP level 6. HP: 26/38 MP: 6/6
  2607 | D:4      | Slain by an ogre

Levels and vault maps discovered:
D:1:      dpeg_arrival_shrine, layout_basic, minmay_pentomino_q4
D:2:      layout_loops_ring, serial_shops, shop, corexii_hall_statues_l
D:3:      layout_basic, lightli_temple_of_fire,
          shapermc_ecumenical_altar_flowoftime, hangedman_decor_growths,
          minmay_fountain_box, roderic_lattice_a,
          nicolae_kite_square_tiling_tiny, hangedman_decor_clover_reticule,
          dreamdust_wishing_well, reono_crystal_passage
D:4:      layout_loops_ring, nicolae_ashenzari_skybound, gammafunk_ghost_icy,
          nicolae_the_louvre

Skill      XL: |  1  2  3  4  5 |
---------------+----------------+-----
Ranged Weapons | 5 6 |  6.1
Fighting       | 3 4 |  4.2
Armour         | 1 |  1.0
Dodging        | |  1.5
Stealth        | |  1.1

Action                     |  1- 3 |  4- 6 || total
---------------------------+-------+-------++-------
   Fire: Shortbow          |   106 |    89 ||   195
    Use: Scroll            |     3 |     5 ||     8
         Potion            |     2 |     1 ||     3
 Armour: Leather armour    |    19 |       ||    19
         Ring mail         |       |    25 ||    25
  Dodge: Dodged            |    18 |     7 ||    25

Table legend:
 A = Non-vault XP
 B = Vault XP
 C = Vault XP percentage of total XP
 D = Non-vault monster count
 E = Vault monster count
 F = Vault count percentage of total count
                 A         B        C        D         E       F
            +---------+---------+-------+---------+---------+-------
      Total |     345 |       1 |   0.3 |      60 |       1 |   1.6
            +---------+---------+-------+---------+---------+-------
        D:1 |      32 |       1 |   3.0 |      12 |       1 |   7.7
        D:2 |      51 |       0 |   0.0 |      18 |       0 |   0.0
        D:3 |     152 |       0 |   0.0 |      24 |       0 |   0.0
        D:4 |     110 |       0 |   0.0 |       6 |       0 |   0.0
            +---------+---------+-------+---------+---------+-------
